 Dungeon Crawl Stone Soup version 0.31-a0-640-g39d97e502b (webtiles) character file.

Game seed: 15549968925533406106

125 qw the Shooter (level 5, -5/32 HPs)
             Began as a Gargoyle Hunter on Aug 27, 2023.
             Slain by an ice beast (8 damage)
             ... on level 3 of the Dungeon.
             The game lasted 00:00:51 (1989 turns).

qw the Shooter (Gargoyle Hunter)                    Turns: 1989, Time: 00:00:51

Health: -5/32      AC: 11    Str: 14    XL:     5   Next: 9%
Magic:  5/5        EV: 10    Int: 10    God:
Gold:   200        SH:  0    Dex: 15    Spells: 4/4 levels left

rFire   . . .        Y - +0 shortbow
rCold   . . .        (shield currently unavailable)
rNeg    + . .        j - +0 ring mail
rPois   inf          (no helmet)
rElec   +            i - +0 cloak
rCorr   .            (no gloves)
SInv    .            e - +0 pair of boots
Will    .....        (no amulet)
Stlth   +            (no ring)
HPRegen 0.25/turn    (no ring)
MPRegen 0.09/turn

%: no passive effects
@: no status effects
A: sickness immunity, AC +4, negative energy resistance 1, electricity
resistance, torment resistance 1, petrification resistance
a: no special abilities


You were on level 3 of the Dungeon.
You visited 1 branch of the dungeon, and saw 4 of its levels.

You collected 200 gold pieces.


Innate Abilities, Weirdness & Mutations

You are immune to sickness and miasma.
Your stone body is resilient. (AC +4)
You are immune to poison.
You resist negative energy. (rN+)
You are resistant to electric shocks. (rElec)
You are resistant to unholy torment.
You are immune to petrification.


   Skills:
 - Level 3.2 Fighting
 + Level 5.7 Ranged Weapons
 - Level 1.0 Armour
 - Level 1.5 Dodging
 - Level 1.1 Stealth


You had 4 spell levels left.
You didn't know any spells.
Your spell library was empty.

Inventory:

Hand Weapons
 Y - a +0 shortbow (weapon)
Armour
 e - a +0 pair of boots (worn)
 i - a +0 cloak (worn)
 j - a +0 ring mail (worn)
Wands
 a - a wand of digging (6)
Scrolls
 f - a scroll of identify
Potions
 h - a potion of degeneration {unknown}

Dungeon Overview and Level Annotations

Branches:
Dungeon (4/15)
 Temple: D:4-7

Altars:
Xom


Message History

You shoot an arrow. The arrow barely misses the quokka.
The quokka bites you but does no damage.
You shoot an arrow. The arrow closely misses the quokka.
The quokka closely misses you.
The quokka bites you but does no damage.
You shoot an arrow. The arrow hits the quokka.
You kill the quokka!
You start resting.
HP restored.
You see here a potion of brilliance.
You see here a +0 war axe.
An ice beast is nearby!
You shoot an arrow. The arrow hits the ice beast.
The ice beast is lightly wounded.
You shoot an arrow. The arrow barely misses the ice beast.
You shoot an arrow. The arrow hits the ice beast!
The ice beast is moderately wounded.
The ice beast hits you. The ice beast freezes you!
You shoot an arrow. The arrow closely misses the ice beast.
The ice beast hits you but does no damage.
You shoot an arrow. The arrow hits the ice beast.
The ice beast is moderately wounded.
The ice beast hits you. The ice beast freezes you! The ice beast hits you.
The ice beast freezes you.
You shoot an arrow. The arrow hits the ice beast.
The ice beast is heavily wounded.
The ice beast completely misses you.
You shoot an arrow. The arrow barely misses the ice beast.
The ice beast hits you but does no damage.
You shoot an arrow. The arrow hits the ice beast.
The ice beast is severely wounded.
The ice beast hits you but does no damage.
You shoot an arrow. The arrow hits the ice beast.
The ice beast is severely wounded.
The ice beast hits you but does no damage. x2
You shoot an arrow.
The arrow hits the ice beast but does no damage.
The ice beast is severely wounded.
The ice beast hits you. The ice beast freezes you!
You die...

....# #)# #....>.... >..## #.#
#.......## #..# #.# #. 7..######
#..######.# #.77777777#
#.........# #~7~~77~~P7##
#.........# ##77~~~~~~~PP~###
#.........# #7~7PP~~~~..~~...###
..........####~~~P.............).
................@..............##
#.........####...Y.........~P~77#
#...)....># #..~.~.~~~PPP~P~~~~P
..###.###.# #..7~P~P~~P~~~~PP~~~
### #.# #.# ##.#7~~~~~~~~~~~PP~7
#.# #.# #.##P~~~~~~~~~~77~#
#####.# #.# #.##P~~~~~~~~~77###
...##.# #.# #.##~P~~7~~7#######
...?..# #.### #.###77777~<.......


You could see an ice beast.

Vanquished Creatures
  Jessica (D:3)
  4 gnolls (D:3)
  An adder (D:3)
  A dart slug (D:1)
  3 orcs (D:3)
  5 bats
  3 endoplasms
  4 giant cockroaches
  4 goblins
  3 hobgoblins
  7 kobolds
  4 quokkas
  7 rats
47 creatures vanquished.

Notes
Turn   | Place    | Note
-------+----------+-------------------------------------------
     0 | D:1      | qw the Gargoyle Hunter began the quest for the Orb.
     0 | D:1      | Reached XP level 1. HP: 12/12 MP: 1/1
     0 | D:1      | 0 ||| qw: Version: 0.3-a-74-g0d5e918
     0 | D:1      | 0 ||| qw: Game counter: 181
     0 | D:1      | 0 ||| qw: Melee chars always use a shield: true
     0 | D:1      | 0 ||| qw: God list: Okawaru
     0 | D:1      | 0 ||| qw: Allow faded altars: false
     0 | D:1      | 0 ||| qw: Do Orc after clearing Dungeon:15 true
     0 | D:1      | 0 ||| qw: Do second Lair branch before Depths: true
     0 | D:1      | 0 ||| qw: Lair rune preference: random
     0 | D:1      | 0 ||| qw: Goals: Normal
     0 | D:1      | 0 ||| PLANNING D:1-11
   213 | D:1      | Reached XP level 2. HP: 16/17 MP: 2/2
   670 | D:1      | 670 ||| UPGRADING to +0 cloak.
   675 | D:1      | 675 ||| READING scroll labelled VEBIAWKEUGY.
   676 | D:1      | 676 ||| READING scroll labelled LUEGRA RIEDAX.
   677 | D:1      | 677 ||| READING 2 scrolls labelled ANUD ULYRPHUSH.
   678 | D:1      | 678 ||| READING scroll labelled LAVOAGRODEZI.
   679 | D:1      | 679 ||| READING scroll labelled WISTRI LUTUQAOF.
   683 | D:1      | 683 ||| READING 2 scrolls labelled SIOPIR GEREPP.
   684 | D:1      | 684 ||| DROPPING scroll of butterflies.
   685 | D:1      | 685 ||| DROPPING scroll of blinking.
   686 | D:1      | 686 ||| DROPPING scroll of summoning.
   909 | D:2      | Reached XP level 3. HP: 21/21 MP: 3/3
  1076 | D:2      | 1076 ||| UPGRADING to +0 pair of boots.
  1081 | D:2      | 1081 ||| READING scroll labelled NERCHA PELAWN.
  1082 | D:2      | 1082 ||| DRINKING 2 bubbling dark potions.
  1083 | D:2      | 1083 ||| DRINKING 2 murky clear potions.
  1084 | D:2      | 1084 ||| DROPPING potion of attraction.
  1085 | D:2      | 1085 ||| DROPPING potion of brilliance.
  1232 | D:3      | 1232 ||| Stepping ~*~*~tactically~*~*~ (retreating).
  1234 | D:3      | Reached skill level 5 in Ranged Weapons
  1241 | D:3      | HP: 5/22 [gnoll/+0 flail (10)]
  1245 | D:3      | Reached skill level 3 in Fighting
  1245 | D:3      | Reached XP level 4. HP: 7/28 MP: 4/4
  1545 | D:3      | Found a shimmering altar of Xom.
  1583 | D:3      | Reached skill level 1 in Armour
  1652 | D:3      | Noticed Jessica
  1657 | D:3      | Killed Jessica
  1662 | D:3      | 1662 ||| Stepping ~*~*~tactically~*~*~ (outnumbered).
  1664 | D:3      | 1664 ||| Stepping ~*~*~tactically~*~*~ (outnumbered).
  1671 | D:3      | Reached XP level 5. HP: 32/32 MP: 5/5
  1718 | D:3      | You fall into a shaft and drop 1 floor!
  1719 | D:4      | 1719 ||| UPGRADING to +0 ring mail.
  1729 | D:4      | 1729 ||| DROPPING +0 leather armour.
  1730 | D:4      | 1730 ||| READING scroll labelled INGADGH LYONONAR.
  1731 | D:4      | 1731 ||| READING 2 scrolls of identify.
  1731 | D:4      | 1731 ||| IDENTIFYING bubbling emerald potion
  1771 | D:3      | Noticed an ice beast
  1778 | D:3      | HP: 6/32 [ice beast (11)]
  1779 | D:3      | 1779 ||| READING scroll of teleportation.
  1780 | D:3      | 1780 ||| DRINKING potion of heal wounds.
  1984 | D:3      | HP: 4/32 [ice beast (5)]
  1989 | D:3      | HP: 3/32 [ice beast (3)]
  1989 | D:3      | Slain by an ice beast

Levels and vault maps discovered:
D:1:      dpeg_arrival_leaves_temple_mockup, layout_basic
D:2:      layout_rooms
D:3:      layout_loops_ring, tgw_kikubaaqudgha, general_overflow_altar,
          serial_bayou, serial_bayou_ford_a, serial_bayou_crossing,
          serial_bayou_shore_b, serial_bayou_shore_b, minmay_misc_feat_cross,
          hangedman_decor_growths, minmay_mini_jars, uniq_jessica
D:4:      layout_loops_corners, uniq_robin

Skill      XL: |  1  2  3  4 |
---------------+-------------+-----
Ranged Weapons | 5 |  5.7
Fighting       | 3 |  3.2
Armour         | 1 |  1.0
Dodging        | |  1.5
Stealth        | |  1.1

Action                     |  1- 3 |  4- 6 || total
---------------------------+-------+-------++-------
   Fire: Shortbow          |    89 |    85 ||   174
    Use: Scroll            |     7 |     3 ||    10
         Potion            |     2 |     1 ||     3
 Armour: Leather armour    |    15 |    15 ||    30
         Ring mail         |       |    12 ||    12
  Dodge: Dodged            |    39 |    28 ||    67

Table legend:
 A = Non-vault XP
 B = Vault XP
 C = Vault XP percentage of total XP
 D = Non-vault monster count
 E = Vault monster count
 F = Vault count percentage of total count
                 A         B        C        D         E       F
            +---------+---------+-------+---------+---------+-------
      Total |     113 |      66 |  36.9 |      36 |      11 |  23.4
            +---------+---------+-------+---------+---------+-------
        D:1 |      26 |       0 |   0.0 |      15 |       0 |   0.0
        D:2 |      10 |       0 |   0.0 |       6 |       0 |   0.0
        D:3 |      77 |      66 |  46.2 |      15 |      11 |  42.3
            +---------+---------+-------+---------+---------+-------
